Map: Invader LE

Players

capac - Winner!

  • Race: Terran Terran
  • League: Gold

A.I. 1 (Elite)

  • Race: Zerg Zerg

VOD

Have the link to the VOD?

Description

Time

  • Played on: April 17, 2016, 8:44 a.m.
  • Length: 10:38
Show
View Real Time Build Order
Export as new Build Order

capac Terran - Winner!

Build Orders: Reaper Expand 

Get SALT Encoding   

  12  0:01  SCV  
  13  0:13  SCV  
  14  0:22  Supply Depot  
  14  0:25  SCV  
  15  0:43  SCV  
  15  0:44  Barracks  
  16  0:55  Refinery, SCV  
  17  1:07  SCV  
  18  1:20  SCV  
  19  1:34  Orbital Command  
  19  1:41  Reaper  
  19  1:45  Command Center  
  20  1:54  Supply Depot  
  20  2:02  SCV  
  21  2:14  Marine, SCV  
  23  2:19  Factory  
  23  2:26  Barracks  
  23  2:29  Refinery, SCV  
  24  2:44  SCV  
  24  2:46  Barracks Reactor  
  25  2:59  Orbital Command  
  25  3:04  Factory Reactor  
  25  3:10  SCV  
  26  3:18  Barracks Tech Lab  
  26  3:23  Barracks  
  26  3:24  Marine  
  26  3:25  Marine  
  28  3:27  SCV  
  28  3:28  SCV  
  30  3:42  Marine x2  
  32  3:52  Factory Tech Lab, Marine  
  32  3:55  Starport, SCV x2  
  35  4:00  Marine x2  
  37  4:10  Marine  
  37  4:13  Barracks Reactor  
  37  4:15  Stimpack  
  38  4:18  Marine x2  
  38  4:20  Siege Tank  
  43  4:24  SCV x2  
  43  4:25  Supply Depot  
  43  4:28  Marine  
  46  4:46  Marine x3  
  46  4:47  SCV x2  
  46  4:48  Supply Depot  
  46  4:52  Marine x2  
  53  4:59  Barracks  
  53  5:04  Marine  
  53  5:05  Supply Depot  
  54  5:09  Marine, Medivac x2  
  54  5:13  Supply Depot  
  59  5:17  Marine x3  
  62  5:24  Command Center  
  62  5:26  Marine  
  62  5:27  Siege Tank, SCV x2  
  68  5:32  Marine  
  68  5:34  Marine  
  68  5:35  Marine x2  
  72  5:39  SCV x2  
  74  5:44  Supply Depot  
  74  5:48  Supply Depot  
  74  5:51  Marine x2  
  76  5:58  Marine  
  76  5:59  Marine  
  78  6:06  Marine, SCV x2  
  78  6:09  Supply Depot  
  78  6:10  Marine x2  
  83  6:14  Medivac x2  
  83  6:16  Marine  
  88  6:30  SCV  
  88  6:31  SCV  
  90  6:32  Marine  
  90  6:33  Refinery, Marine x3  
  90  6:34  Refinery  
  90  6:38  Marine  
  95  6:42  Supply Depot  
  95  6:50  Marine  
  96  7:00  Supply Depot  
  96  7:01  Marine x3  
  96  7:02  Supply Depot, Marine  
  100  7:09  SCV x2  
  100  7:12  Liberator  
  100  7:15  Barracks  
  102  7:18  Barracks  
  102  7:20  Barracks  
  102  7:23  SCV x2  
  107  7:57  Marine x2  
  107  7:58  Marine x3  
  96  8:23  Liberator x2  
  94  8:35  Marine x4  
  94  8:36  Marine  
  94  8:38  Barracks Reactor x2  
  94  8:39  Siege Tank  
  102  9:07  Marine x2  
  102  9:08  Marine x3  
  107  9:12  Liberator x2  
  107  9:25  Marine x2  
  107  9:26  Marine x6  
  107  9:27  Marine  
  107  9:28  Siege Tank  
  120  9:43  Marine  
  119  10:00  Siege Tank  
  122  10:12  Marine  
  122  10:13  Marine x6  
  122  10:14  Marauder, Marine  
  131  10:22  Supply Depot  
Show
View Real Time Build Order
Export as new Build Order

A.I. 1 (Elite) Zerg 

Build Orders: Pool First 

Get SALT Encoding   

  12  0:00  Drone  
  13  0:12  Overlord  
  13  0:17  Drone  
  14  0:30  Drone x2  
  16  0:43  Spawning Pool  
  16  0:46  Drone  
  16  0:50  Drone  
  17  1:14  Hatchery  
  17  1:15  Drone  
  17  1:17  Extractor  
  16  1:19  Drone  
  16  1:23  Drone  
  18  1:28  Drone  
  19  1:38  Overlord  
  19  1:49  Drone  
  19  1:50  Queen  
  22  2:00  Zergling x2  
  23  2:10  Drone  
  24  2:21  Drone  
  25  2:26  Queen  
  25  2:27  Roach Warren  
  25  2:28  Extractor  
  25  2:30  Drone  
  25  2:35  Drone  
  27  2:44  Overlord  
  27  2:47  Drone  
  27  2:51  Drone  
  29  2:54  Zergling x2  
  30  2:58  Drone  
  30  3:01  Zergling x2  
  30  3:05  Zergling x2  
  32  3:08  Drone  
  32  3:10  Drone  
  34  3:16  Roach  
  36  3:21  Roach  
  36  3:26  Roach  
  40  3:30  Roach  
  42  3:38  Lair  
  42  3:43  Overlord  
  42  3:49  Overlord  
  42  3:52  Zergling x2  
  42  3:55  Zergling x2  
  44  4:02  Zergling x2, Drone  
  46  4:03  Drone  
  46  4:05  Drone  
  46  4:08  Drone  
  49  4:10  Drone  
  49  4:15  Overlord  
  50  4:20  Roach  
  50  4:23  Roach  
  54  4:26  Roach  
  54  4:30  Roach  
  58  4:33  Overlord  
  58  4:39  Hydralisk Den  
  58  4:40  Drone  
  58  4:42  Drone  
  58  4:44  Drone  
  60  4:47  Roach  
  60  4:51  Roach  
  64  4:55  Overlord  
  64  5:02  Drone  
  64  5:03  Drone  
  64  5:05  Drone  
  67  5:07  Drone  
  67  5:09  Hydralisk, Drone  
  67  5:13  Hydralisk  
  73  5:16  Hydralisk  
  73  5:20  Overlord  
  75  5:24  Hydralisk  
  75  5:25  Drone  
  75  5:27  Drone  
  79  5:29  Drone  
  79  5:30  Drone  
  79  5:32  Drone  
  82  5:37  Drone  
  82  5:38  Hydralisk  
  82  5:39  Drone  
  82  5:41  Overlord  
  86  5:43  Drone  
  86  5:47  Hydralisk  
  89  5:55  Metabolic Boost  
  89  5:57  Evolution Chamber  
  89  5:59  Drone  
  89  6:02  Overlord  
  89  6:09  Hatchery  
  87  6:12  Drone  
  88  6:20  Evolution Chamber  
  88  6:23  Ravager  
  88  6:24  Extractor, Zerg Ground Armor Level 1  
  87  6:25  Drone  
  87  6:31  Extractor  
  87  6:32  Drone  
  88  6:36  Ravager  
  89  6:45  Spine Crawler  
  89  6:46  Zerg Melee Weapons Level 1  
  88  6:47  Drone x2  
  88  6:48  Drone  
  88  6:53  Drone x3  
  88  6:54  Spine Crawler, Lurker Den, Drone  
  94  7:15  Overlord  
  94  7:16  Roach, Overseer  
  94  7:18  Roach  
  94  7:22  Queen, Hydralisk, Drone x2  
  104  7:23  Drone x4  
  104  7:24  Drone x4  
  112  7:33  Overlord, Hydralisk  
  112  7:34  Drone x2  
  112  7:35  Drone  
  112  7:36  Extractor  
  116  7:37  Drone  
  116  7:39  Drone  
  116  7:42  Drone  
  112  7:46  Drone  
  112  7:47  Baneling Nest, Drone  
  112  7:49  Drone  
  112  7:50  Drone  
  115  7:52  Drone  
  115  7:54  Overlord  
  115  7:57  Drone  
  113  7:58  Drone  
  113  7:59  Drone  
  106  8:11  Zergling x2  
  106  8:12  Zergling x2  
  75  8:15  Roach  
  75  8:16  Hydralisk  
  75  8:18  Zerg Missile Weapons Level 1  
  75  8:19  Roach  
  75  8:20  Roach  
  75  8:23  Roach, Hydralisk x2  
  80  8:30  Zergling x2  
  80  8:31  Baneling  
  80  8:32  Hydralisk  
  81  8:35  Drone  
  81  8:37  Overseer  
  81  8:43  Hydralisk, Drone, Roach  
  81  8:45  Drone  
  84  8:50  Drone x2  
  84  8:51  Roach  
  84  8:54  Drone  
  88  8:56  Drone  
  76  9:04  Zergling x2  
  76  9:07  Zergling x2  
  76  9:09  Hatchery  
  69  9:11  Baneling, Hydralisk  
  69  9:12  Roach, Drone  
  69  9:16  Zergling x2  
  73  9:18  Roach  
  73  9:22  Baneling  
  72  9:25  Ravager  
  23  10:02  Zergling x2  
  23  10:06  Zergling x2  
Tags
 
Add a new tag
Caveats
  • Supply blocks, unpowered buildings, or Contaminate may cause inaccurate times.
  • Supply counts are checked every 10 seconds.